 Dungeon Crawl Stone Soup version 0.28-a0-2-g643f2454ad (webtiles) character file.

Game seed: 8202280611272358464

74 angelsbits the Skirmisher (level 4, -6/37 HPs)
             Began as a Demonspawn Berserker on July 22, 2021.
             Was a Follower of Trog.
             Killed from afar by Sigmund (8 damage)
             ... with a magic dart
             ... on level 2 of the Dungeon.
             The game lasted 00:07:51 (2531 turns).

angelsbits the Skirmisher (Demonspawn Berserker)    Turns: 2531, Time: 00:07:53

Health: -6/37      AC:  7    Str: 18    XL:     4   Next: 9%
Magic:  4/4        EV: 14    Int:  8    God:    Trog [*.....]
Gold:   85         SH:  0    Dex: 13    Spells: 3/3 levels left

rFire   . . .      SeeInvis .   t - +0 spear (flame)
rCold   . . .      Faith    .   (no shield)
rNeg    . . .      Spirit   .   p - +0 scale mail
rPois   .          Reflect  .   (no helmet)
rElec   .          Harm     .   j - scarf {+Inv}
rCorr   .          Rampage  .   (no gloves)
Will    .....                   (no boots)
Stlth   ..........              (no amulet)
HPRegen 0.12/turn               i - +4 ring of evasion
MPRegen 0.09/turn               (no ring)

@: confused
A: sharp scales 1
a: Renounce Religion, Evoke Invisibility, Berserk


You were on level 2 of the Dungeon.
You worshipped Trog.
Trog was aware of your devotion.
You visited 1 branch of the dungeon, and saw 2 of its levels.

You collected 85 gold pieces.

Inventory:

Hand Weapons
 a - a +0 mace
 h - a +0 mace
 k - a +0 short sword
 l - a +0 club
 n - a +0 rapier
 o - a +0 hand axe
 q - a +0 short sword
 t - a +0 spear of flaming (weapon)
 u - a +0 whip
Missiles
 d - 58 arrows
 f - 27 stones (quivered)
 g - 40 bolts
 A - 16 sling bullets
Armour
 b - a +0 animal skin
 e - a +0 ring mail
 j - a scarf of invisibility (worn)
 p - a +0 scale mail (worn)
 r - a +0 pair of boots
 s - a +0 leather armour
 w - a +1 hat
 x - a +0 pair of gloves
Jewellery
 i - a +4 ring of evasion (left hand)
 y - a ring of protection from fire
Scrolls
 c - a scroll of amnesia {unknown}
 v - a scroll of teleportation {unknown}
Potions
 m - 2 potions of degeneration {unknown}
 z - a potion of haste {unknown}


   Skills:
 + Level 3.7 Fighting
 + Level 3.5 Maces & Flails
 + Level 2.1 Armour
 + Level 2.2 Dodging
 + Level 0.4 Stealth


You had 3 spell levels left.
You didn't know any spells.
Your spell library contained the following spells:

 Spells                   Type           Power      Damage    Failure   Level
 Animate Skeleton         Necr           0%         N/A       80%         1
 Apportation              Tloc           0%         N/A       80%         1
 Corona                   Hex            0%         N/A       80%         1
 Summon Small Mammal      Summ           0%         N/A       80%         1


Dungeon Overview and Level Annotations

Branches:
Dungeon (2/15)

Altars:

Annotations:
D:2 Sigmund


Innate Abilities, Weirdness & Mutations

You are partially covered in razor-sharp scales. (AC +1, Slay +1)


Message History

You hit something. You burn something. Something completely misses you.
You miss something. Something hits you!
A goblin comes into view. It is wielding a +0 dagger.
You closely miss something.
You hear some strange, mumbled words.
You are confused.
Something hits you.
You bump into the rock wall.
Something hits you.
* * * LOW HITPOINT WARNING * * *
You completely miss something.
You hear some strange, mumbled words.
You are more confused.
You bump into the rock wall.
You're too confused to move!
You hear some strange, mumbled words.
Something tries to affect you, but you resist.
You miss something. Something hits you.
* * * LOW HITPOINT WARNING * * *
Okay, then.
Something hits you but does no damage.
A magic dart appears from out of thin air!
The magic dart hits you.
* * * LOW HITPOINT WARNING * * *
You are too confused!
You are too confused!
Something hits you.
Keep equipping yourself? [Y]es or [N]o only, please.
Keep equipping yourself?
* * * LOW HITPOINT WARNING * * *
You start putting on your armour.
You continue putting on your +1 hat.
Something hits you.
* * * LOW HITPOINT WARNING * * *
You continue putting on your +1 hat.
Something barely misses you.
You continue putting on your +1 hat.
A magic dart appears from out of thin air!
The magic dart hits you!
You die...

#.# #.. ### ###
#.. #..
########### #..
#.........# #..
####.###@........#
#..
.....g{†.........#
#..
......##.........#
#.. .....
#.........######..
....
#.........†.......
...
#.........########
.......'.........#
.#######.........#
##.########


You could see a goblin.

Vanquished Creatures
  Terence (D:2)
  Natasha (D:2)
  An endoplasm (D:1)
  4 hobgoblins
  3 jackals (D:2)
  4 kobolds
  4 ball pythons
  A bat (D:2)
  A frilled lizard (D:1)
  A goblin (D:2)
  4 rats
  A spectral hobgoblin (D:1)
26 creatures vanquished.

Notes
Turn   | Place    | Note
-------+----------+-------------------------------------------
     0 | D:1      | angelsbits the Demonspawn Berserker began the quest for the
                  | Orb.
     0 | D:1      | Reached XP level 1. HP: 18/18 MP: 1/1
   799 | D:1      | Found a faded altar of an unknown god.
   953 | D:1      | Gained mutation: You are partially covered in razor-sharp
                  | scales. (AC +1, Slay +1) [demonic ancestry]
   953 | D:1      | Reached XP level 2. HP: 24/24 MP: 2/2
  1736 | D:2      | Noticed Terence
  1748 | D:2      | Killed Terence
  1749 | D:2      | Reached XP level 3. HP: 5/29 MP: 3/3
  2278 | D:2      | Noticed Natasha
  2305 | D:2      | Killed Natasha
  2306 | D:2      | Reached XP level 4. HP: 15/37 MP: 4/4
  2505 | D:2      | Noticed Sigmund
  2529 | D:2      | HP: 1/37 [something (3)]
  2531 | D:2      | Killed from afar by Sigmund

Illustrated notes

Levels and vault maps discovered:
D:1:      ncdulo_halloftheorcs, layout_loops_ring,
          dreamdust_ecumenical_altar_drowned_temple
D:2:      layout_basic, item_on_display_a, uniq_terence, uniq_natasha,
          uniq_sigmund

Skill      XL: |  1  2 |
---------------+-------+-----
Maces & Flails | 3 |  3.5
Armour         | 2 |  2.1
Dodging        | 2 |  2.2
Fighting       | |  3.7
Stealth        | |  0.4

Action                   |  1- 3 |  4- 6 || total
-------------------------+-------+-------++-------
Melee: Mace              |    81 |     2 ||    83
       Spear             |       |    15 ||    15
 Stab: Sleeping          |     1 |       ||     1
Armor: Animal skin       |     3 |       ||     3
       Ring mail         |     7 |       ||     7
       Scale mail        |    16 |     7 ||    23
Dodge: Dodged            |    63 |     7 ||    70

Table legend: (Time is in decaauts)
 A = Elapsed time spent in this place.
 B = Non-inter-level travel time spent in this place.
 C = Inter-level travel time spent in this place.
 D = Time resting spent in this place.
 E = Time spent auto-exploring this place.
 F = Levels seen in this place.
 G = Mean time per level.
                   A        B        C        D        E       F      G
               +--------+--------+--------+--------+--------+-----+--------+
         Total |   2589 |   1574 |   1015 |    945 |    358 |   2 | 1294.5 |
       Dungeon |   2589 |   1574 |   1015 |    945 |    358 |   2 | 1294.5 |
               +--------+--------+--------+--------+--------+-----+--------+

Top non-repeatable levels by time:
     D:1: 1675 daAuts
     D:2: 914 daAuts
